 Dungeon Crawl Stone Soup version 0.29.1-12-g30fa7ad0bf (webtiles) character file.

Game seed: 5756954044049807077

1108 mopl the Purveyor of Pain (level 8, -4/39 HPs)
             Began as a Vine Stalker Necromancer on Jan 16, 2023.
             Was an Initiate of Kikubaaqudgha.
             Slain by a killer bee (5 damage)
             ... on level 6 of the Dungeon.
             The game lasted 00:07:07 (3878 turns).

mopl the Purveyor of Pain (VSNe)                    Turns: 3878, Time: 00:07:08

Health: -4/39      AC:  7    Str: 12    XL:     8   Next: 33%
Magic:  0/16       EV: 13    Int: 15    God:    Kikubaaqudgha [......]
Gold:   359        SH:  5    Dex: 16    Spells: 13/17 levels left

rFire   + . .      SeeInvis .   a - +9 war axe "Zonicos" {flame, rF+}
rCold   + . .      Faith    .   (no shield)
rNeg    . . .      Spirit   +   u - +1 animal skin
rPois   .          Reflect  +   s - +0 helmet
rElec   .          Harm     .   i - +1 cloak
rCorr   .          Rampage  .   (no gloves)
Will    ++...                   r - +0 pair of boots
Stlth   ++........              y - amulet of reflection
HPRegen 0.93/turn               z - ring of protection from cold
MPRegen 0.15/turn               x - ring of willpower

@: lethally poisoned (-4 -> -6)
A: fangs 3, regeneration 1, magic shield, antimagic bite, no potion heal 2
a: Renounce Religion


You were on level 6 of the Dungeon.
You worshipped Kikubaaqudgha.
Kikubaaqudgha was noncommittal.
You visited 2 branches of the dungeon, and saw 7 of its levels.

You collected 359 gold pieces.

Inventory:

Hand Weapons
 a - the +9 war axe "Zonicos" (weapon) {flame, rF+}
   (You found it on level 3 of the Dungeon)

   It burns those it strikes, dealing additional fire damage.
   Big, fiery blades are also staple armaments of hydra-hunters.
   rF:        It protects you from fire.
 d - a +0 short sword
 h - a +0 spear
 t - a +2 dagger of flaming
Missiles
 q - 9 javelins
 w - 4 poisoned darts
Armour
 i - a +1 cloak (worn)
 r - a +0 pair of boots (worn)
 s - a +0 helmet (worn)
 u - a +1 animal skin (worn)
Magical Staves
 C - a staff of conjuration
Jewellery
 k - a +6 ring of strength
 x - a ring of willpower (right hand)
 y - an amulet of reflection (around neck)
 z - a ring of protection from cold (left hand)
Wands
 A - a wand of iceblast (2)
Scrolls
 f - 3 scrolls of identify {unknown}
 g - a scroll of brand weapon {unknown}
 j - a scroll of enchant weapon {unknown}
 l - 2 scrolls of amnesia {unknown}
 m - a scroll of silence {unknown}
 n - 2 scrolls of enchant armour {unknown}
 o - 2 scrolls of teleportation {unknown}
 p - 2 scrolls of immolation {unknown}
 E - 2 scrolls of noise {unknown}
Potions
 b - a potion of magic
 c - a potion of invisibility {unknown}
 e - a potion of mutation {unknown}
 v - 2 potions of flight {unknown}
 B - a potion of curing {unknown}
 D - a potion of heal wounds {unknown}
 F - a potion of might {unknown}
 G - a potion of haste {unknown}


   Skills:
 + Level 2.9 Fighting
 - Level 0.1 Polearms
 + Level 2.6 Armour
 + Level 3.3 Dodging
 - Level 2.4 Stealth
 - Level 5.0 Spellcasting
 + Level 7.0 Necromancy


You had 13 spell levels left.
You knew the following spells:

 Your Spells              Type           Power      Damage    Failure   Level
a - Necrotise             Necr           96%        1d8       1%          1
b - Vampiric Draining     Necr           24%        2d7       2%          3

Your spell library contained the following spells:

 Spells                   Type           Power      Damage    Failure   Level
 Animate Dead             Necr           24%        N/A       9%          4
 Apportation              Tloc           6%         N/A       16%         1
 Summon Small Mammal      Summ           12%        N/A       16%         1
 Agony                    Necr           24%        N/A       26%         5


Dungeon Overview and Level Annotations

Branches:
Dungeon (6/15)             Temple (1/1) D:4

Altars:
Cheibriados
Dithmenos
Fedhas
Gozag
Kikubaaqudgha
Nemelex Xobeh
Uskayaw
Vehumet
The Shining One

Shops:
D:2 =(?[


Innate Abilities, Weirdness & Mutations

You have razor-sharp teeth.
Your natural rate of healing is unusually fast.
When hurt, damage is shared between your health and your magic reserves.
Your bite disrupts and absorbs the magic of your enemies.
Potions cannot restore your health.


Message History

Kikubaaqudgha accepts your kill.
You feel life coursing into your body.
You feel very sick. You block the killer bee's attack.
Casting: Vampiric Draining (dangerous; 2% risk of failure)
Confirm with . or Enter, or press ? or * to list all spells.
Aiming: Vampiric Draining (dangerous; 2% risk of failure)
Press: ? - help, Shift-Dir - straight line, f - killer bee
Aim: a killer bee You draw life force from the killer bee!
You feel life coursing into your body.
You feel very sick. The killer bee misses you.
The killer bee barely misses you.
You closely miss the killer bee.
The killer bee is heavily wounded.
You feel very sick. The killer bee stings you.
* * * LOW HITPOINT WARNING * * *
You are more poisoned.
The killer bee poisons you! The killer bee barely misses you. x2
You barely miss the killer bee. Your bite misses the killer bee.
The killer bee is moderately wounded.
* * * LOW HITPOINT WARNING * * *
You feel very sick. You block the killer bee's attack.
The killer bee misses you. You block the killer bee's attack.
Unknown command.
Casting: Vampiric Draining (dangerous; 2% risk of failure)
Confirm with . or Enter, or press ? or * to list all spells.
Aiming: Vampiric Draining (dangerous; 2% risk of failure)
Press: ? - help, Shift-Dir - straight line, f/p - killer bee
Aim: a killer bee (moderately wounded)
You draw life force from the killer bee!
You feel life coursing into your body.
You feel very sick. The killer bee stings you!
* * * LOW HITPOINT WARNING * * *
The killer bee stings you.
You die...
Kikubaaqudgha rasps: "You have failed me!
Welcome... death!"

........# #.#
........# #.#
........# #.#
........###.######
........##.......#
..)..........###.#
######.#####.# #.#
#.# #.# #.# #.#
#.. #@# #.#
#####y# ######.#


y.y.y.yy# .......# ########. ######## .# .. ### You could see 3 killer bees.

Vanquished Creatures
  Edmund (D:5)
  A black bear (D:4)
  An ice beast (D:5)
  An ogre (D:5)
  2 necrophages (D:5)
  2 scorpions (D:4)
  2 killer bees (D:6)
  4 hounds
  3 iguanas
  Robin (D:2)
  4 gnolls (D:5)
  6 adders
  2 white imps
  An ufetubus (D:5)
  A worm (D:5)
  2 dart slugs
  5 orcs (D:5)
  5 endoplasms
  4 giant cockroaches
  8 goblins
  10 hobgoblins
  6 quokkas
  5 ball pythons
  5 bats
  3 frilled lizards (D:1)
  2 kobolds (D:1)
  6 rats
93 creatures vanquished.

Vanquished Creatures (collateral kills)
  A goblin (D:2)
  A hobgoblin (D:3)
  A rat (D:1)
3 creatures vanquished.

Vanquished Creatures (others)
  A fungus (D:1)
1 creature vanquished.

Grand Total: 97 creatures vanquished

Notes
Turn   | Place    | Note
-------+----------+-------------------------------------------
     0 | D:1      | mopl the Vine Stalker Necromancer began the quest for the
                  | Orb.
     0 | D:1      | Reached XP level 1. HP: 9/9 MP: 4/4
   339 | D:1      | Reached XP level 2. HP: 13/13 MP: 2/6
   691 | D:1      | Found a faded altar of an unknown god.
  1097 | D:2      | Reached XP level 3. HP: 16/16 MP: 4/8
  1102 | D:2      | Reached skill level 3 in Spellcasting
  1113 | D:2      | Found Zegaammy's Magic Scroll Shop.
  1183 | D:2      | Found Beutuet's Armour Boutique.
  1342 | D:2      | Gained mutation: Your natural rate of healing is unusually
                  | fast. [Vine Stalker growth]
  1342 | D:2      | Reached XP level 4. HP: 14/21 MP: 1/10
  1552 | D:2      | Found Biyl's Antique Weapon Emporium.
  1628 | D:2      | Noticed Robin
  1663 | D:2      | Killed Robin
  1664 | D:2      | Reached skill level 5 in Necromancy
  1701 | D:2      | Found Ymyts's Jewellery Shoppe.
  2007 | D:3      | Identified the +9 war axe "Zonicos" {flame, rF+}
  2569 | D:4      | Noticed a black bear
  2575 | D:4      | Killed a black bear
  2576 | D:4      | Reached skill level 4 in Spellcasting
  2576 | D:4      | Reached XP level 5. HP: 22/24 MP: 9/12
  2580 | D:4      | Learned a level 3 spell: Vampiric Draining
  2627 | D:4      | Reached XP level 6. HP: 24/28 MP: 9/13
  2875 | D:4      | Found a glowing golden altar of the Shining One.
  2885 | D:4      | Found a shadowy altar of Dithmenos.
  2950 | D:4      | Found a staircase to the Ecumenical Temple.
  2960 | Temple   | Entered the Ecumenical Temple
  3001 | Temple   | Became a worshipper of Kikubaaqudgha
  3062 | D:4      | Reached skill level 5 in Spellcasting
  3062 | D:4      | Reached skill level 6 in Necromancy
  3197 | D:5      | Entered Level 5 of the Dungeon
  3240 | D:5      | Noticed Edmund
  3269 | D:4      | Reached skill level 1 in Fighting
  3269 | D:4      | Reached skill level 2 in Dodging
  3269 | D:4      | Reached XP level 7. HP: 28/33 MP: 9/15
  3313 | D:5      | Reached skill level 1 in Armour
  3328 | D:5      | Killed Edmund
  3383 | D:5      | Reached skill level 2 in Fighting
  3433 | D:5      | Reached skill level 2 in Armour
  3437 | D:5      | Gained mutation: You have razor-sharp teeth. [Vine Stalker
                  | growth]
  3437 | D:5      | Reached XP level 8. HP: 38/39 MP: 16/16
  3454 | D:5      | Reached skill level 3 in Dodging
  3871 | D:6      | Reached skill level 7 in Necromancy
  3878 | D:6      | HP: 1/39 [killer bee (8)]
  3878 | D:6      | Slain by a killer bee

Illustrated notes

Levels and vault maps discovered:
D:1:      lemuel_arrival_behind_the_door_large, layout_loops_corners,
          shapermc_ecumenical_altar_mp_urbaneastern, nrook_mini_vaults
D:2:      layout_basic, serial_shops, shop, nicolae_diamond_shop, shop,
          nicolae_shop_advertising_works [nicolae_subvault_shop_adworks],
          uniq_robin
D:3:      layout_basic
D:4:      layout_gridville, mainiacjoe_overflow_big_doors,
          minmay_temple_entry_drinking_statues, kennysheep_decorative_pillar
D:5:      layout_cave_pools, kennysheep_generic_room_12, uniq_edmund
D:6:      layout_basic, chequers_serial_rivers_micro_c, uniq_menkaure,
          uniq_blork_the_orc
Temple:   nicolae_temple_little_seven

Skill      XL: |  1  2  3  4  5  6  7  8 |
---------------+-------------------------+-----
Spellcasting   | 3 4 5 |  5.0
Necromancy     | 5 6 7 |  7.0
Fighting       | 1 2 |  2.9
Dodging        | 2 3 |  3.3
Armour         | 2 |  2.6
Polearms       | |  0.1
Stealth        | |  2.4

Action                   |  1- 3 |  4- 6 |  7- 9 || total
-------------------------+-------+-------+-------++-------
Melee: Short sword       |     4 |       |       ||     4
       Spear             |     8 |    15 |       ||    23
       Bite              |     2 |    11 |     9 ||    22
       War axe           |       |    39 |    40 ||    79
 Cast: Necrotise         |    46 |    43 |    25 ||   114
       Vampiric Draining |       |       |     3 ||     3
 Stab: Sleeping          |     1 |     3 |       ||     4
Armor: Robe              |     2 |     5 |       ||     7
       Animal skin       |       |    30 |    14 ||    44
Dodge: Dodged            |     6 |    49 |    35 ||    90
Block: Other             |       |     4 |    15 ||    19
